 Dungeon Crawl Stone Soup version 0.30-a0-1066-g63dfefce0d (webtiles) character file.

Game seed: 13212868367897651610

125 Hubris850 the Digger (level 5, 0/28 HPs)
             Began as a Gargoyle Earth Elementalist on Apr 12, 2023.
             Slain by a gnoll sergeant
             ... wielding a +1 spear of venom
              (11 damage)
             ... on level 3 of the Dungeon.
             The game lasted 00:07:59 (3182 turns).

Hubris850 the Digger (Gargoyle Earth Elementalist)  Turns: 3182, Time: 00:08:00

Health: 0/28       AC:  8    Str: 20    XL:     5   Next: 9%
Magic:  4/9        EV: 11    Int: 18    God:
Gold:   185        SH:  5    Dex: 10    Spells: 3/9 levels left

rFire   . . .      SeeInvis .    m - +6 dagger of the Endless Knives {pain, Contam rElec Will+ Str+3}
rCold   . . .      Faith    .    k - +2 buckler
rNeg    + . .      Spirit   .    e - +0 robe
rPois   ∞          Reflect  .    (no helmet)
rElec   +          Rampage  .    c - +1 cloak
rCorr   .                        (no gloves)
Will    +....                    (no boots)
Stlth   ++                       (no amulet)
HPRegen 0.24/turn                i - +6 ring of strength
MPRegen 0.11/turn                (no ring)

@: no status effects
A: sickness immunity, AC +4, negative energy resistance 1, electricity
resistance, torment resistance 1, petrification resistance
a: no special abilities


You were on level 3 of the Dungeon.
You visited 1 branch of the dungeon, and saw 4 of its levels.

You collected 185 gold pieces.

Inventory:

Hand Weapons
 a - a +1 short sword
 b - a +0 dagger
 m - the +6 dagger of the Endless Knives (weapon) {pain, Contam rElec Will+ Str+3}
   (You found it on level 2 of the Dungeon)

   Str:       It affects your strength (+3).
   rElec:     It insulates you from electricity.
   Contam:    It causes magical contamination when unequipped.
   Will:      It increases your willpower.
Missiles
 r - 5 poisoned darts
Armour
 c - a +1 cloak (worn)
 e - a +0 robe (worn)
 k - a +2 buckler (worn)
Magical Staves
 h - a staff of fire
Jewellery
 i - a +6 ring of strength (left hand)
Scrolls
 f - a scroll of enchant weapon
 l - 2 scrolls of teleportation {unknown}
 n - a scroll of magic mapping {unknown}
 p - a scroll of vulnerability {unknown}
 s - a scroll of immolation {unknown}
Potions
 d - a potion of magic
 g - 2 potions of cancellation
 j - a potion of haste
 o - a potion of curing
 q - a potion of heal wounds {unknown}


   Skills:
 + Level 0.2 Short Blades
 + Level 2.3 Dodging
 - Level 3.0 Stealth
 + Level 0.3 Shields
 + Level 2.7 Spellcasting
 + Level 1.7 Transmutations
 + Level 4.4 Earth Magic


You had 3 spell levels left.
You knew the following spells:

 Your Spells              Type           Power      Damage    Failure   Level
a - Sandblast             Erth           36%        2d10      3%          1
b - Passwall              Tmut/Erth      10%        N/A       10%         2
c - Stone Arrow           Conj/Erth      20%        3d8       28%         3

Your spell library contained the following spells:

 Spells                   Type           Power      Damage    Failure   Level
 Shock                    Conj/Air       8%         1d3       22%         1
 Ensorcelled Hibernation  Hex/Ice        4%         N/A       34%         2
 Swiftness                Air            2%         N/A       56%         3
 Petrify                  Tmut/Erth      13%        N/A       54%         4
 Airstrike                Air            1%         2d(1-17)  92%         4


Dungeon Overview and Level Annotations

Branches:
Dungeon (4/15)
 Temple: D:4-7

Altars:
Trog


Innate Abilities, Weirdness & Mutations

You are immune to sickness and miasma.
Your stone body is resilient. (AC +4)
You are immune to poison.
You resist negative energy. (rN+)
You are resistant to electric shocks. (rElec)
You are resistant to unholy torment.
You are immune to petrification.


Message History

You block the gnoll's attack.
The blast of sand hits the gnoll.
You kill the gnoll!
You have reached level 5!
The blast of sand hits the gnoll!
The gnoll is severely wounded.
You block the gnoll's attack.
The blast of sand hits the gnoll!
You kill the gnoll!
A gnoll sergeant and a gnoll come into view.
The gnoll sergeant is wielding a +1 spear of venom.
The gnoll is wielding a +0 flail of protection.
The gnoll sergeant shouts!
You hear a shout! x3
A gnoll comes into view. It is wielding a +0 whip.
Things that are here:
a +0 club; a gnoll corpse
There is an open door here.
Press: ? - help, v - describe, . - travel
Here: a gnoll sergeant, wielding a +1 spear of venom, wearing a +0 scale mail and wearing a +0 kite shield The floor.
Unknown command.
There is a stone staircase leading up here.
The gnoll sergeant blocks the blast of sand.
You block the gnoll sergeant's attack.
The gnoll sergeant hits you but does no damage.
There is a stone staircase leading up here.
You block the gnoll sergeant's attack.
You climb upwards.
There is a stone staircase leading down here.
The blast of sand misses the gnoll sergeant.
The gnoll sergeant hits you with a +1 spear of venom!
The blast of sand hits the gnoll sergeant but does no damage.
The gnoll sergeant hits you with a +1 spear of venom!
You block the gnoll sergeant's attack.
You are too injured to fight recklessly!
You completely miss the gnoll sergeant.
The gnoll sergeant hits you with a +1 spear of venom.
Unknown command.
You hit the gnoll sergeant but do no damage.
The gnoll sergeant hits you with a +1 spear of venom!
You die...

#.#
######'#########.###.##.#
#.#
#.......##........#.###.#
#.#
#.......##.####..#.####.#
#.##
#.......##.####.........#
.#.##
#.............#.##.######
###.###........#.##.#.##)#
# ##......<...##.##......#
###.###.......##g####.####
.#.## ##########@.....#
#.## ######## ###


You could see a gnoll sergeant.

Vanquished Creatures
  2 gnolls (D:4)
  3 adders (D:3)
  An ufetubus (D:4)
  2 worms
  2 orcs
  5 endoplasms
  3 giant cockroaches
  5 goblins
  6 hobgoblins
  A quokka (D:3)
  7 ball pythons
  8 bats
  4 frilled lizards
  11 kobolds
  6 rats
66 creatures vanquished.

Notes
Turn   | Place    | Note
-------+----------+-------------------------------------------
     0 | D:1      | Hubris850 the Gargoyle Earth Elementalist began the quest
                  | for the Orb.
     0 | D:1      | Reached XP level 1. HP: 10/10 MP: 3/3
   134 | D:1      | Reached skill level 1 in Transmutations
   134 | D:1      | Reached XP level 2. HP: 15/15 MP: 1/5
   137 | D:1      | Learned a level 2 spell: Passwall
   701 | D:1      | Reached XP level 3. HP: 19/19 MP: 4/6
  1171 | D:2      | Identified the +6 dagger of the Endless Knives {pain,
                  | Contam rElec Will+ Str+3}
  1371 | D:2      | Reached skill level 4 in Earth Magic
  1441 | D:2      | Learned a level 3 spell: Stone Arrow
  2050 | D:3      | Reached XP level 4. HP: 23/24 MP: 1/7
  2184 | D:3      | Found a bloodstained altar of Trog.
  3143 | D:4      | Reached XP level 5. HP: 27/28 MP: 4/9
  3182 | D:3      | Slain by a gnoll sergeant

Illustrated notes

Levels and vault maps discovered:
D:1:      lightli_arrival_noodles, layout_loops_ring, minmay_split_cup_small
D:2:      layout_basic, minmay_misc_feat_rows, nrook_campfire
D:3:      layout_loops_corners, lightli_temple_of_fire, minmay_misc_feat_alley
D:4:      layout_basic, uniq_pikel, uniq_sigmund

Skill      XL: |  1  2  3  4 |
---------------+-------------+-----
Transmutations | 1 |  1.7
Earth Magic    | 4 |  4.4
Dodging        | 2 |  2.3
Stealth        | 3 |  3.0
Short Blades   | |  0.2
Shields        | |  0.3
Spellcasting   | |  2.7

Action                     |  1- 3 |  4- 6 || total
---------------------------+-------+-------++-------
  Melee: Short sword       |     9 |       ||     9
         Dagger            |    36 |    14 ||    50
         Punch             |     1 |       ||     1
   Cast: Sandblast         |    30 |    33 ||    63
         Passwall          |     2 |     1 ||     3
    Use: Scroll            |       |     4 ||     4
   Stab: Sleeping          |     4 |     1 ||     5
 Armour: Robe              |    16 |     5 ||    21
  Dodge: Dodged            |    38 |     9 ||    47
  Block: Buckler           |       |     5 ||     5

Table legend: (Time is in decaauts)
 A = Elapsed time spent in this place.
 B = Non-inter-level travel time spent in this place.
 C = Inter-level travel time spent in this place.
 D = Time resting spent in this place.
 E = Time spent auto-exploring this place.
 F = Levels seen in this place.
 G = Mean time per level.
                   A        B        C        D        E       F      G
               +--------+--------+--------+--------+--------+-----+--------+
         Total |   3209 |   3149 |     60 |     13 |   2666 |   4 |  802.2 |
       Dungeon |   3209 |   3149 |     60 |     13 |   2666 |   4 |  802.2 |
               +--------+--------+--------+--------+--------+-----+--------+

Top non-repeatable levels by time:
     D:3: 1092 daAuts
     D:1: 1020 daAuts
     D:2: 834 daAuts
     D:4: 261 daAuts
